 Dungeon Crawl Stone Soup version 0.20-a0-463-g5747544 (webtiles) character file.

6400 Kaletam the Grappler (level 10, -1/96 HPs)
             Began as a Troll Berserker on Jan 11, 2017.
             Was a High Priest of Trog.
             Slain by an orc warrior
             ... wielding a +0 war axe
              (27 damage)
             ... in a bailey.
             The game lasted 00:27:48 (7506 turns).

Kaletam the Grappler (Troll Berserker)              Turns: 7506, Time: 00:27:49

Health: -1/96      AC:  5    Str: 27    XL:     10   Next: 66%
Magic:  0/18       EV: 13    Int:  3    God:    Trog [*****.]
Gold:   471        SH:  0    Dex: 12    Spells: 9/9 levels left

rFire  . . .     SeeInvis .     L - +2 trident (flame)
rCold  . . .     Gourm    +     a - +0 animal skin
rNeg   . . .     Faith    .     (no shield)
rPois  .         Spirit   +     (helmet restricted)
rElec  .         Reflect  .     (no cloak)
rCorr  .         Harm     .     (gloves unavailable)
MR     .....                    (boots unavailable)
Stlth  ++........               I - amulet of guardian spirit {Spirit}
                                (no ring)
                                C - ring of magical power {MP+9}

@: exhausted, slowed, very slow
A: unfitting armour, claws 3, fast metabolism 3, gourmand, regeneration 1,
shaggy fur 1, tough skin 2
a: Berserk, Trog's Hand, Brothers in Arms, Burn Spellbooks, Renounce Religion


You were in a bailey.
You worshipped Trog.
Trog was extremely pleased with you.
You were very full.

You visited 1 branch of the dungeon, and saw 9 of its levels.
You also visited: Bailey.

You collected 471 gold pieces.

Inventory:

Hand Weapons
 q - a +2 dagger of speed
 v - a +0 shortbow
 L - a +2 trident of flaming (weapon)
 O - a +1 spear of venom
 V - a +0 blowgun
 X - a +2 hunting sling of velocity
Missiles
 e - 108 arrows
 t - a throwing net {=f, !d}
 B - 7 needles of frenzy
 P - 6 needles of paralysis
 W - 11 poisoned needles
 Z - 23 tomahawks of returning (quivered)
Armour
 a - a +0 animal skin (worn)
 j - a +0 cloak
 s - a +0 robe
 D - a +0 cloak
Jewellery
 C - a ring of magical power (left claw) {MP+9}
 I - an amulet of guardian spirit (around neck) {Spirit}
 Q - an uncursed amulet of rage {+Rage, !d}
 R - an uncursed ring of resist corrosion
 S - an uncursed ring of protection from cold {unknown}
Wands
 N - a wand of paralysis (14/24)
Scrolls
 f - 2 scrolls of remove curse {unknown}
 g - 4 scrolls of enchant weapon {unknown}
 k - 4 scrolls of random uselessness
 l - 8 scrolls of teleportation
 m - a scroll of fog {unknown}
 o - 3 scrolls of immolation {!r}
 p - 3 scrolls of magic mapping {unknown}
 y - a scroll of noise {unknown}
 z - a scroll of enchant armour {unknown}
 A - a scroll of amnesia {unknown}
 H - 3 scrolls of fear {unknown}
 K - a scroll of brand weapon {unknown}
 T - 4 scrolls of identify
 U - a scroll of blinking {unknown}
Potions
 c - a potion of haste {unknown}
 d - 2 potions of mutation {!q}
 h - a potion of berserk rage {unknown}
 i - 3 potions of flight
 n - 2 potions of curing {unknown}
 r - a potion of magic {unknown}
 x - a potion of invisibility {unknown}
 G - a potion of degeneration {!q}
Books
 E - a book of Callings

   Spells                             Type                      Level
   a - Summon Small Mammal            Summoning                    1
   b - Call Imp                       Summoning                    2
   c - Call Canine Familiar           Summoning                    3
   d - Summon Guardian Golem          Hexes/Summoning              3
   e - Summon Lightning Spire         Summoning/Air                4
   f - Summon Ice Beast               Ice/Summoning                4
   Trog disapproves of the use of such an item.
Comestibles
 b - 8 bread rations {@e1}
 u - 2 slices of pizza
 w - 3 meat rations {@e2}
 F - a royal jelly
 J - 3 fruits
 M - a beef jerky
 Y - 3 chunks of flesh {@w0}


   Skills:
 * Level 5.5 Fighting
 + Level 1.9 Polearms
 + Level 0.3 Throwing
 + Level 7.1 Dodging
 + Level 2.9 Stealth
 + Level 11.7 Unarmed Combat


You had 9 spell levels left.
You didn't know any spells.

Dungeon Overview and Level Annotations

Branches:
Dungeon (9/15)             Temple (0/1) D:4
   Lair: D:8-11         Orc: D:9-12

Altars:
Ashenzari
Dithmenos
Elyvilon
Hepliaklqana
Kikubaaqudgha
Makhleb
Nemelex Xobeh
Okawaru
Ru
Sif Muna
Xom
The Shining One


Innate Abilities, Weirdness & Mutations

You are too large for most types of armour.
You have claws for hands.
Your metabolism is lightning-fast.
You like to eat raw meat.
Your natural rate of healing is unusually fast.
You are covered in fur. (AC +1)
You have very tough skin. (AC +2)


Message History

You can't carry that many items.
You butcher the orc corpse.
You feel a strong urge to attack something.
You are no longer berserk.
You are exhausted.
You feel yourself slow down.
The orc shouts!
Items here: % ) [ ÷ a glaive of freezing; a ring mail; a chunk of flesh {@w0}; an orc skeleton An orc comes into view.
It is wielding a war axe.
The kobold shouts!
You hit the orc warrior but do no damage.
The orc warrior hits you with a war axe!
The orc warrior completely misses you.
You barely miss the orc warrior. You claw the orc warrior!
The orc warrior hits you with a war axe!!
* * * LOW HITPOINT WARNING * * *
You completely miss the orc warrior. The orc warrior barely misses you.
The orc warrior hits you with a war axe!!
You die...

#.#############
K.............####
#####(..........##
##'#.........##
#.(#....⌠.....#
#.)###.......##
###o####).'.#.....######
...KoKo@..###......#≈≈≈≈
####'####..#...†))≈≈≈≈≈≈≈
≈##
#.......####.≈≈≈≈≈≈≈≈≈≈##
≈≈≈K#...KKg.#K≈≈≈≈≈≈≈....###
≈≈≈#########≈≈≈≈≈......##
#≈≈≈≈≈≈≈≈≈≈≈≈≈≈.......##
#≈≈≈≈≈≈≈≈≈........###
#.............####
#..∩......####


You could see 2 orc warriors, an orc and 2 kobolds.

Vanquished Creatures
  The ghost of Hellonello the Protected, a journeyman HaFi (Bailey)
  A two-headed ogre (D:8)
  An orc knight (Bailey)
  Maurice (D:8)
  Joseph (D:8)
  Psyche (D:8)
  The ghost of Kaletam the Sneak, an amateur DDMo (D:3)
  Duvessa (D:5)
  2 orc warriors (D:8)
  An ice beast (D:9)
  3 ogres
  2 black bears
  2 phantoms (D:4)
  3 necrophages
  A centaur (D:5)
  2 big kobolds (D:9)
  A gnoll sergeant (D:7)
  3 bullfrogs (D:8)
  2 scorpions
  Dowan (D:5)
  9 killer bees (D:8)
  3 howler monkeys
  A vampire bat (D:5)
  2 crimson imps
  2 jellies
  4 hounds
  6 orc priests
  2 bullfrog skeletons
  Jessica (D:2)
  An iguana (D:7)
  10 orc wizards
  3 worker ants
  A killer bee zombie (D:7)
  A howler monkey zombie (D:8)
  3 gnolls (D:7)
  A howler monkey skeleton (D:4)
  5 adders
  3 shadow imps
  An ooze (D:4)
  An adder zombie (D:6)
  2 adder skeletons
  3 fire bats (D:5)
  3 leopard geckos
  42 orcs
  2 spectral bats (D:5)
  17 bats
  3 bat skeletons (D:5)
  A bat zombie (D:5)
  4 giant cockroaches
  14 goblins
  10 hobgoblins
  11 jackals
  24 kobolds
  A quokka (D:6)
  A ball python (D:2)
  A bat simulacrum (D:5)
  2 frilled lizards
  3 leopard gecko skeletons
  2 quokka skeletons
  2 rats (D:3)
239 creatures vanquished.

Notes
Turn   | Place    | Note
-------+----------+-------------------------------------------
     0 | D:1      | Kaletam the Troll Berserker began the quest for the Orb.
     0 | D:1      | Reached XP level 1. HP: 22/22 MP: 0/0
    85 | D:1      | Reached XP level 2. HP: 29/29 MP: 1/1
   686 | D:2      | Found a sparkling altar of Nemelex Xobeh.
   727 | D:2      | Noticed Jessica
   734 | D:2      | Killed Jessica
   734 | D:2      | Reached XP level 3. HP: 36/36 MP: 2/2
   783 | D:2      | Reached ** piety under Trog
   806 | D:2      | Reached XP level 4. HP: 42/45 MP: 3/3
   827 | D:2      | Reached skill level 4 in Unarmed Combat
   868 | D:2      | Found a shimmering altar of Xom.
   869 | D:2      | Found a burning altar of Makhleb.
   918 | D:2      | Found a hazy altar of Hepliaklqana.
  1272 | D:3      | Noticed Kaletam's ghost (amateur DDMo)
  1287 | D:3      | Killed Kaletam's ghost
  1287 | D:3      | Reached skill level 5 in Unarmed Combat
  1287 | D:3      | Reached XP level 5. HP: 53/53 MP: 4/4
  1415 | D:3      | Found a shattered altar of Ashenzari.
  1417 | D:3      | Found an ancient bone altar of Kikubaaqudgha.
  1674 | D:4      | Reached XP level 6. HP: 53/61 MP: 5/5
  1694 | D:4      | Found a staircase to the Ecumenical Temple.
  2129 | D:4      | Found a shadowy altar of Dithmenos.
  2182 | D:4      | Reached skill level 6 in Unarmed Combat
  2182 | D:4      | Reached XP level 7. HP: 67/67 MP: 6/6
  2361 | D:4      | Reached skill level 1 in Stealth
  2369 | D:4      | Reached *** piety under Trog
  2524 | D:5      | Entered Level 5 of the Dungeon
  2524 | D:5      | Noticed Duvessa
  2524 | D:5      | Noticed Dowan
  2532 | D:5      | Killed Dowan
  2536 | D:5      | Killed Duvessa
  2544 | D:5      | Reached skill level 7 in Unarmed Combat
  2598 | D:5      | Received a gift from Trog
  2878 | D:5      | Reached XP level 8. HP: 78/78 MP: 7/7
  3339 | D:6      | Reached **** piety under Trog
  3339 | D:6      | Reached skill level 8 in Unarmed Combat
  3813 | D:6      | Found a sacrificial altar of Ru.
  4488 | D:6      | Found a deep blue altar of Sif Muna.
  4573 | D:7      | Found a glowing golden altar of the Shining One.
  4584 | D:7      | Reached skill level 5 in Dodging
  5077 | D:7      | Reached skill level 9 in Unarmed Combat
  5131 | D:7      | Received a gift from Trog
  5136 | D:7      | Reached XP level 9. HP: 78/84 MP: 8/8
  5580 | D:8      | Noticed Maurice
  5827 | D:8      | Noticed Joseph
  5840 | D:8      | Killed Joseph
  5840 | D:8      | Reached skill level 10 in Unarmed Combat
  5938 | D:8      | Lost intelligence.
  5950 | D:8      | Reached skill level 1 in Polearms
  6135 | D:8      | Reached ***** piety under Trog
  6168 | D:8      | Noticed Psyche
  6203 | D:8      | Noticed a two-headed ogre
  6296 | D:8      | Killed Psyche
  6499 | D:8      | Reached XP level 10. HP: 94/94 MP: 9/9
  6737 | D:8      | Killed a two-headed ogre
  6737 | D:8      | Reached skill level 11 in Unarmed Combat
  6740 | D:8      | Killed Maurice
  6740 | D:8      | Reached skill level 5 in Fighting
  6937 | D:9      | Found a white marble altar of Elyvilon.
  7146 | D:9      | Found an iron altar of Okawaru.
  7204 | D:9      | Found a flagged portal.
  7214 | D:9      | Received a gift from Trog
  7227 | Bailey   | Entered a bailey
  7239 | Bailey   | Noticed Hellonello's ghost (journeyman HaFi)
  7277 | Bailey   | Killed Hellonello's ghost
  7325 | Bailey   | Noticed an orc knight
  7500 | Bailey   | Killed an orc knight
  7506 | Bailey   | Slain by an orc warrior

Vault maps used:
D:1:      dpeg_arrival_rooms_a
D:2:      gammafunk_temple_overflow_statue, nemelex_xobeh_ov_fountains_minmay,
          lemuel_doored_altar, first_bread, uniq_jessica
D:3:      chequers_temple_overflow_statue_of_worship
D:4:      lemuel_coloured_pillars_altar, grunt_ministairs_11
D:5:      goddamned_bats, uniq_duvessa
D:6:      marbit_many_paths, led_sif_book
D:7:      basic_altar
D:8:      uniq_joseph, uniq_maurice, uniq_psyche
D:9:      grunt_temple_overflow_forces_of_nature, zin_treasury,
          elyvilon_altar_3, david_lair_shrubbed, enter_bailey_3, basic_altar,
          okawaru_ov_weapons_minmay
Bailey:   bailey_axe_4, bailey

Skill      XL: |  1  2  3  4  5  6  7  8  9 10 |
---------------+-------------------------------+-----
Fighting       | 3 4 5 |  5.5
Dodging        | 3 4 5 6 7 |  7.1
Unarmed Combat | 5 6 7 9 10 11 | 11.7
Stealth        | 1 2 |  2.9
Polearms       | 1 |  1.9
Throwing       | |  0.3

Action                   |  1- 3 |  4- 6 |  7- 9 | 10-12 || total
-------------------------+-------+-------+-------+-------++-------
Melee: Unarmed           |    61 |   120 |   327 |    94 ||   602
       Punch             |       |     2 |    11 |     6 ||    19
       Trident           |       |       |    14 |    33 ||    47
Throw: Tomahawk          |       |       |       |     5 ||     5
Invok: Berserk           |     1 |     1 |     6 |     4 ||    12
       Burn Spellbooks   |       |       |     1 |       ||     1
       Trog's Hand       |       |       |     1 |       ||     1
  Use: Scroll            |       |       |     8 |       ||     8
       Potion            |       |       |     4 |     1 ||     5
 Stab: Sleeping          |       |       |     4 |       ||     4
  Eat: Chunk             |    14 |    12 |    47 |    12 ||    85
Armor: Animal skin       |    26 |    29 |    81 |    29 ||   165
Dodge: Dodged            |    21 |    54 |   233 |    86 ||   394
